 Dungeon Crawl Stone Soup version 0.26-a0-663-g36e8fdb655 (webtiles) character file.

Game seed: 9235881506085320536

751 reriks the Shield-Bearer (level 7, -9/64 HPs)
             Began as a Deep Dwarf Fighter on Oct 12, 2020.
             Mangled by an ogre
             ... wielding a +0 giant club
              (14 damage)
             ... on level 4 of the Dungeon.
             The game lasted 00:03:19 (3101 turns).

reriks the Shield-Bearer (Deep Dwarf Fighter)       Turns: 3101, Time: 00:03:20

Health: -9/64      AC:  7    Str: 21    XL:     7   Next: 49%
Magic:  4/4        EV:  9    Int:  9    God:
Gold:   305        SH: 10    Dex: 12    Spells: 6/6 levels left

rFire    . . .     SeeInvis .   a - +0 war axe
rCold    . . .     Faith    .   c - +0 kite shield
rNeg     . . .     Spirit   .   b - +0 scale mail
rPois    .         Reflect  .   (no helmet)
rElec    .         Harm     .   (no cloak)
rCorr    .         Rampage  .   (no gloves)
MR       +....                  (no boots)
Stlth    ..........             (no amulet)
HPRegen  0.00/turn              (no ring)
MPRegen  0.09/turn              (no ring)

@: non-regenerating
A: damage resistance, heal wounds, sense surroundings 1, no regeneration
a: Heal Wounds


You were on level 4 of the Dungeon.
You visited 1 branch of the dungeon, and saw 4 of its levels.

You collected 305 gold pieces.

Inventory:

Hand Weapons
 a - a +0 war axe (weapon)
Armour
 b - a +0 scale mail (worn)
 c - a +0 kite shield (worn)
Jewellery
 q - an uncursed ring of magical power {unknown}
Wands
 o - a wand of paralysis (9)
 p - a wand of flame (12)
Scrolls
 e - a scroll of random uselessness {unknown}
 f - 2 scrolls of teleportation {unknown}
 h - a scroll of remove curse
 k - 3 scrolls of fear
 l - a scroll of enchant weapon {unknown}
Potions
 d - a potion of might
 g - a potion of curing
 i - a potion of resistance
 j - 3 potions of heal wounds
 m - 2 potions of berserk rage {unknown}
 n - 2 potions of haste {unknown}


   Skills:
 + Level 4.2 Fighting
 + Level 4.6 Axes
 + Level 5.1 Armour
 + Level 3.8 Dodging
 + Level 5.2 Shields


You had 6 spell levels left.
You didn't know any spells.
Your spell library was empty.

Dungeon Overview and Level Annotations

Branches:
Dungeon (4/15)
 Temple: D:4-7

Altars:
Ashenzari
Fedhas
Kikubaaqudgha
Okawaru
The Shining One


Innate Abilities, Weirdness & Mutations

You are resistant to damage.
You can heal yourself by infusing magical energy.
You passively map a small area around you.
You do not regenerate.


Message History

You are too injured to fight recklessly!
You are too injured to fight recklessly!
You are too injured to fight recklessly!
You are too injured to fight recklessly!
You are too injured to fight recklessly!
An ogre is nearby!
You hit the ogre.
The ogre is moderately wounded.
The ogre barely misses you.
You slash the ogre!
The ogre is heavily wounded.
You block the ogre's attack.
You hit the ogre.
The ogre is severely wounded.
The ogre hits you with a +0 giant club!
* * * LOW HITPOINT WARNING * * *
You hit the ogre but do no damage.
The ogre is severely wounded.
The ogre hits you with a +0 giant club!
You die...

#. *#.#
#.....# .,,
.. ##...## ,
,... * ##.##
.... * #.# *
### #.# * ,
, ##'## ,
##...## , *
##.....##
#....@..#
*#.....O...#
,+.........+
,, ,
#$........#
* , *
##.......##
* ##.....##
* ##...## ,
##+## * * *
*


You could see an ogre.

Vanquished Creatures
  2 big kobolds (D:3)
  3 orc priests (D:4)
  A worker ant (D:4)
  2 orc wizards (D:4)
  23 gnolls
  6 adders
  3 dart slugs (D:1)
  2 leopard geckos
  14 orcs
  9 bats
  3 giant cockroaches
  41 goblins
  21 hobgoblins
  10 jackals
  A quokka (D:4)
  5 frilled lizards
  11 kobolds
  11 rats
168 creatures vanquished.

Notes
Turn   | Place    | Note
-------+----------+-------------------------------------------
     0 | D:1      | reriks the Deep Dwarf Fighter began the quest for the Orb.
     0 | D:1      | Reached XP level 1. HP: 20/20 MP: 1/1
    25 | D:1      | Reached XP level 2. HP: 25/27 MP: 2/2
   179 | D:1      | Reached skill level 1 in Dodging
   222 | D:1      | Reached XP level 3. HP: 29/34 MP: 3/3
   969 | D:2      | Reached XP level 4. HP: 41/42 MP: 4/4
  1023 | D:2      | Found an iron altar of Okawaru.
  1074 | D:2      | Found a blossoming altar of Fedhas.
  1164 | D:2      | Reached XP level 5. HP: 46/49 MP: 4/4
  1729 | D:3      | Reached XP level 6. HP: 31/56 MP: 5/5
  2023 | D:3      | Found a glowing golden altar of the Shining One.
  2390 | D:3      | Reached XP level 7. HP: 43/63 MP: 5/5
  2749 | D:4      | Reached skill level 5 in Shields
  2810 | D:4      | Found an ancient bone altar of Kikubaaqudgha.
  2931 | D:4      | Reached skill level 5 in Armour
  3069 | D:4      | Found a broken altar of Ashenzari.
  3101 | D:4      | Mangled by an ogre

Illustrated notes

Levels and vault maps discovered:
D:1:      psy_arrival_spokes, layout_loops_ring, minmay_tall_x
D:2:      layout_basic, fedhas_altar_3, okawaru_trees_1
D:3:      minmay_goblin_kobold_castle, layout_loops_corners,
          overflow_temple_1_default
D:4:      layout_loops_corners, cheibrodos_ashenzari_chains,
          overflow_temple_1_default

Skill      XL: |  1  2  3  4  5  6  7 |
---------------+----------------------+-----
Dodging        | 1 2 3 |  3.8
Fighting       | 3 4 |  4.2
Axes           | 3 4 |  4.6
Shields        | 4 5 |  5.2
Armour         | 4 5 |  5.1

Action                   |  1- 3 |  4- 6 |  7- 9 || total
-------------------------+-------+-------+-------++-------
Melee: War axe           |   106 |   251 |    94 ||   451
 Abil: Heal Wounds       |     1 |     9 |     8 ||    18
  Use: Scroll            |       |       |     6 ||     6
Armor: Scale mail        |    54 |   115 |    41 ||   210
Dodge: Dodged            |    49 |   136 |    38 ||   223
Block: Kite shield       |    61 |   244 |    55 ||   360

Table legend: (Time is in decaauts)
 A = Elapsed time spent in this place.
 B = Non-inter-level travel time spent in this place.
 C = Inter-level travel time spent in this place.
 D = Time resting spent in this place.
 E = Time spent auto-exploring this place.
 F = Levels seen in this place.
 G = Mean time per level.
                   A        B        C        D        E       F      G
               +--------+--------+--------+--------+--------+-----+--------+
         Total |   3292 |   3198 |     94 |    102 |   2145 |   4 |  823.0 |
       Dungeon |   3292 |   3198 |     94 |    102 |   2145 |   4 |  823.0 |
               +--------+--------+--------+--------+--------+-----+--------+

Top non-repeatable levels by time:
     D:3: 1547 daAuts
     D:1: 660 daAuts
     D:2: 660 daAuts
     D:4: 424 daAuts
